 Dungeon Crawl Stone Soup version 0.27-a0-1144-g0b7d3b79db (webtiles) character file.

Game seed: 16519863204142215539

441 kae the Slasher (level 6, -6/51 HPs)
             Began as a Demonspawn Abyssal Knight on May 10, 2021.
             Was a Believer of Lugonu.
             Mangled by an ogre
             ... wielding a +0 giant spiked club
              (25 damage)
             ... on level 4 of the Dungeon.
             The game lasted 00:02:41 (3957 turns).

kae the Slasher (Demonspawn Abyssal Knight)         Turns: 3957, Time: 00:02:42

Health: -6/51      AC: 10    Str: 15    XL:     6   Next: 70%
Magic:  7/7        EV:  9    Int: 13    God:    Lugonu [**....]
Gold:   172        SH:  4    Dex: 12    Spells: 5/5 levels left

rFire    . . .     SeeInvis .   a - +1 falchion
rCold    . . .     Faith    .   (no shield)
rNeg     . . .     Spirit   .   f - +0 plate armour
rPois    .         Reflect  .   (no helmet)
rElec    .         Harm     +   d - scarf {harm}
rCorr    .         Rampage  .   (no gloves)
Will     .....                  (no boots)
Stlth    ..........             (no amulet)
HPRegen  0.17/turn              (no ring)
MPRegen  0.10/turn              (no ring)

@: agile
A: talons 1, large bone plates 1, powered by pain 1, spiny 1
a: Renounce Religion, Depart the Abyss, Bend Space


You were on level 4 of the Dungeon.
You worshipped Lugonu.
Lugonu was pleased with you.
You visited 1 branch of the dungeon, and saw 4 of its levels.
You visited the Abyss 1 time.

You collected 172 gold pieces.

Inventory:

Hand Weapons
 a - a +1 falchion (weapon)
Armour
 b - a +1 leather armour
 c - a +0 ring mail
 d - a scarf of harm (worn)
 f - a +0 plate armour (worn)
Jewellery
 i - a ring of poison resistance
Potions
 e - 3 potions of curing
 g - a potion of heal wounds {unknown}
 h - a potion of brilliance {unknown}


   Skills:
 + Level 5.0 Fighting
 * Level 5.5 Long Blades
 - Level 1.7 Armour
 - Level 0.8 Dodging
 - Level 2.4 Invocations


You had 5 spell levels left.
You didn't know any spells.
Your spell library contained the following spells:

 Spells                   Type           Power      Damage    Failure   Level
 Magic Dart               Conj           0%         1d3       100%        1
 Blink                    Tloc           N/A        N/A       100%        2
 Call Imp                 Summ           0%         N/A       100%        2
 Slow                     Hex            0%         N/A       100%        2
 Conjure Flame            Conj/Fire      0%         6-21      100%        3
 Mephitic Cloud           Conj/Pois/Air  0%         N/A       100%        3


Dungeon Overview and Level Annotations

Branches:
Dungeon (4/15)             Temple (0/1) D:4

Altars:
Fedhas


Innate Abilities, Weirdness & Mutations

You have sharp toenails.
You are partially covered in large bone plates. (SH +4)
You sometimes gain a little power by taking damage.
You are partially covered in sharp spines.


Message History

The scorpion is moderately wounded.
The scorpion stings you but does no damage.
The scorpion is struck by your spines. The scorpion stings you.
You hit the scorpion. Your kick misses the scorpion.
The scorpion is severely wounded.
You block the scorpion's attack.
You barely miss the scorpion.
You claw the scorpion, but do no damage.
The scorpion is severely wounded.
The scorpion stings you but does no damage.
Your plate armour prevents you from hitting the scorpion.
You claw the scorpion.
The scorpion is almost dead.
The scorpion is struck by your spines.
The scorpion stings you but does no damage.
You barely miss the scorpion.
You claw the scorpion, but do no damage.
The scorpion is almost dead.
The scorpion stings you. The scorpion is struck by your spines.
You kill the scorpion!
Lugonu accepts your kill.
Your Fighting skill increases to level 5!
You see here a scorpion corpse.
No target in view!
No target in view!
You start resting.
An ogre is nearby!
Your plate armour prevents you from hitting the ogre.
The ogre is struck by your spines.
The ogre hits you with a +0 giant spiked club!!
Ouch! That really hurt!
You focus on the pain.
You feel agile all of a sudden.
You hit the ogre. You claw the ogre.
The ogre is moderately wounded.
You completely miss the ogre. You claw the ogre.
The ogre is heavily wounded.
The ogre is struck by your spines.
The ogre hits you with a +0 giant spiked club!!
You die...

###.####...#.8.#...##.#
#...............##..#
########..#.#.#....##
##.....#.#### #..#.##.#
##...##.# #..###.#
#..###.# #.>@O..#
########


You could see an ogre.

Vanquished Creatures
  Grinder (D:3)
  A scorpion (D:4)
  2 hounds
  3 adders
  5 worms
  3 dart slugs (D:1)
  An orc (D:3)
  6 endoplasms
  3 giant cockroaches
  9 goblins
  12 hobgoblins
  9 jackals
  3 quokkas
  9 ball pythons
  5 bats
  6 frilled lizards
  4 kobolds
  3 rats
85 creatures vanquished.

Notes
Turn   | Place    | Note
-------+----------+-------------------------------------------
     0 | Abyss:1  | kae the Demonspawn Abyssal Knight began the quest for the
                  | Orb.
     0 | Abyss:1  | Reached XP level 1. HP: 18/18 MP: 2/2
     8 | Abyss:1  | Found a shimmering altar of Xom.
     8 | Abyss:1  | Found a shimmering altar of Xom.
     9 | Abyss:1  | Found a shimmering altar of Xom.
     9 | Abyss:1  | Found a shimmering altar of Xom.
    10 | Abyss:1  | Found a shimmering altar of Xom.
    12 | Abyss:1  | Found a shimmering altar of Xom.
    12 | Abyss:1  | Found a shimmering altar of Xom.
    12 | Abyss:1  | Found a shimmering altar of Xom.
    14 | Abyss:1  | Found a shimmering altar of Xom.
    14 | Abyss:1  | Found a shimmering altar of Xom.
    15 | Abyss:1  | Found a shimmering altar of Xom.
    15 | Abyss:1  | Found a corrupted altar of Lugonu.
    15 | Abyss:1  | Found a shimmering altar of Xom.
    15 | Abyss:1  | Found a shimmering altar of Xom.
    16 | Abyss:1  | Found a shimmering altar of Xom.
    16 | Abyss:1  | Found a shimmering altar of Xom.
    16 | Abyss:1  | Found a shimmering altar of Xom.
    16 | Abyss:1  | Found a shimmering altar of Xom.
    17 | Abyss:1  | Found a shimmering altar of Xom.
    77 | D:1      | Escaped the Abyss
   389 | D:1      | Reached * piety under Lugonu
   392 | D:1      | Gained mutation: You have sharp toenails. [demonic
                  | ancestry]
   392 | D:1      | Reached XP level 2. HP: 8/24 MP: 3/3
  1187 | D:1      | Gained mutation: You sometimes gain a little power by
                  | taking damage. [demonic ancestry]
  1187 | D:1      | Reached XP level 3. HP: 29/29 MP: 4/4
  2358 | D:2      | Gained mutation: You are partially covered in sharp spines.
                  | [demonic ancestry]
  2358 | D:2      | Reached XP level 4. HP: 31/37 MP: 5/5
  2419 | D:2      | Reached ** piety under Lugonu
  3022 | D:3      | Reached XP level 5. HP: 27/42 MP: 6/6
  3141 | D:3      | Noticed Grinder
  3152 | D:3      | Paralysed by Grinder for 3 turns
  3162 | D:3      | Killed Grinder
  3163 | D:3      | Reached skill level 5 in Long Blades
  3163 | D:3      | Gained mutation: You are partially covered in large bone
                  | plates. (SH +4) [demonic ancestry]
  3163 | D:3      | Reached XP level 6. HP: 38/49 MP: 7/7
  3331 | D:3      | Found a blossoming altar of Fedhas.
  3487 | D:3      | Found a faded altar of an unknown god.
  3714 | D:4      | Found a staircase to the Ecumenical Temple.
  3853 | D:4      | Identified the +2 hunting sling "Ogreslayer" {venom, Fly
                  | Int+3}
  3937 | D:4      | Reached skill level 5 in Fighting
  3957 | D:4      | Mangled by an ogre

Illustrated notes

Levels and vault maps discovered:
D:1:      roderic_dead_forest, layout_basic, st_stairs_12
D:2:      layout_basic, minmay_quadrilaterals
D:3:      layout_rooms, lemuel_tele_altar,
          chequers_ecumenical_altar_simple_redux, uniq_grinder
D:4:      layout_basic, pdpol_temple_overflow_zin_treasury_gozag_greed,
          minmay_temple_entry_sparse_star

Skill      XL: |  1  2  3  4  5  6 |
---------------+-------------------+-----
Long Blades    | 2 3 4 5 |  5.5
Fighting       | 4 5 |  5.0
Armour         | |  1.7
Dodging        | |  0.8
Invocations    | |  2.4

Action                   |  1- 3 |  4- 6 || total
-------------------------+-------+-------++-------
Melee: Falchion          |    92 |    87 ||   179
       Kick              |    16 |    27 ||    43
Invok: Depart the Abyss  |     1 |       ||     1
  Use: Potion            |     2 |       ||     2
       Scroll            |     1 |     2 ||     3
Armor: Leather armour    |    18 |       ||    18
       Skin              |     5 |       ||     5
       Ring mail         |     1 |     1 ||     2
       Plate armour      |       |    39 ||    39
Dodge: Dodged            |    52 |    10 ||    62
Block: Other             |       |     5 ||     5
       Rpst.: Falchion   |    15 |     1 ||    16

Table legend: (Time is in decaauts)
 A = Elapsed time spent in this place.
 B = Non-inter-level travel time spent in this place.
 C = Inter-level travel time spent in this place.
 D = Time resting spent in this place.
 E = Time spent auto-exploring this place.
 F = Levels seen in this place.
 G = Mean time per level.
                   A        B        C        D        E       F      G
               +--------+--------+--------+--------+--------+-----+--------+
         Total |   3980 |   3827 |    153 |     48 |   3198 |   6 |  663.3 |
       Dungeon |   3903 |   3750 |    153 |     48 |   3128 |   4 |  975.8 |
         Abyss |     76 |     76 |      0 |      0 |     70 |   2 |   38.0 |
               +--------+--------+--------+--------+--------+-----+--------+

Top non-repeatable levels by time:
     D:1: 2056 daAuts
     D:2: 882 daAuts
     D:3: 653 daAuts
     D:4: 311 daAuts
 Abyss:1: 48 daAuts
 Abyss:2: 28 daAuts
